 Dungeon Crawl Stone Soup version 0.30-a0-170-g85af917532 (webtiles) character file.

Game seed: 7087072233249695624

8099 qw the Cleaver (level 11, -2/69 HPs)
             Began as a Gargoyle Fighter on Sept 30, 2022.
             Was an Elder of Okawaru.
             Killed from afar by a bog body (10 damage)
             ... with a bolt of cold
             ... on level 2 of the Lair of Beasts.
             The game lasted 00:03:54 (10242 turns).

qw the Cleaver (Gargoyle Fighter)                  Turns: 10242, Time: 00:03:55

Health: -2/69      AC: 32    Str: 35    XL:     11   Next: 25%
Magic:  14/15      EV:  9    Int:  7    God:    Okawaru [****..]
Gold:   385        SH: 11    Dex:  6    Spells: 10/10 levels left

rFire   . . .      SeeInvis .    Y - +0 war axe (vorpal)
rCold   . . .      Faith    .    b - +0 kite shield
rNeg    + . .      Spirit   .    f - +0 plate armour
rPois   inf        Reflect  .    o - +2 helmet
rElec   +          Harm     .    n - +0 cloak
rCorr   .          Rampage  .    (no gloves)
Will    .....      Clarity  +    (no boots)
Stlth   ..........               (no amulet)
HPRegen 0.21/turn                e - +4 ring of protection
MPRegen 0.14/turn                r - +6 ring of strength

@: heroic
A: sickness immunity, AC +8, negative energy resistance 1, electricity
resistance, torment resistance 1, petrification resistance, clarity, clumsy 1,
strong 1
a: Renounce Religion, Heroism, Finesse


You were on level 2 of the Lair of Beasts.
You worshipped Okawaru.
Okawaru was greatly pleased with you.
You visited 3 branches of the dungeon, and saw 11 of its levels.

You collected 385 gold pieces.


Innate Abilities, Weirdness & Mutations

You are immune to sickness and miasma.
Your stone body is resilient. (AC +8)
You are immune to poison.
You resist negative energy. (rN+)
You are resistant to electric shocks. (rElec)
You are resistant to unholy torment.
You are immune to petrification.
You possess an exceptional clarity of mind.
You are clumsy. (Dex -2)
Your muscles are strong. (Str +4, Int/Dex -1)


   Skills:
 - Level 8.4(13.4) Fighting
 - Level 10.1(15.1) Axes
 - Level 1.8(6.8) Throwing
 - Level 7.0(12.0) Armour
 - Level 1.6(6.6) Dodging
 + Level 8.3(13.3) Shields
 + Level 6.6 Invocations


You had 10 spell levels left.
You didn't know any spells.
Your spell library was empty.

Inventory:

Hand Weapons
 a - a +0 morningstar
 Y - a +0 vorpal war axe (weapon)
Missiles
 p - 2 boomerangs (quivered)
Armour
 b - a +0 kite shield (worn)
 f - a +0 plate armour (worn)
 n - a +0 cloak (worn)
 o - a +2 helmet (worn)
Jewellery
 e - a +4 ring of protection (left hand)
 r - a +6 ring of strength (right hand)
Wands
 q - a wand of digging (5)
Scrolls
 l - a scroll of identify
Potions
 d - 2 potions of might
 g - a potion of attraction {unknown}
 h - a potion of mutation
 i - a potion of resistance
 k - 6 potions of curing

Dungeon Overview and Level Annotations

Branches:
Dungeon (8/15)             Temple (1/1) D:4            Lair (2/5) D:8
  Snake (0/4) Lair:2
  Swamp: Lair:2-3    Shoals: Lair:2-3

Altars:
Ashenzari
Cheibriados
Dithmenos
Elyvilon
Fedhas
Gozag
Hepliaklqana
Kikubaaqudgha
Makhleb
Nemelex Xobeh
Okawaru
Qazlal
Ru
Sif Muna
Trog
Uskayaw
Vehumet
Wu Jian
Yredelemnul
The Shining One


Message History

You closely miss the blink frog. You barely miss the wolf.
You slash the basilisk! The wolf bites you but does no damage.
The blink frog blinks!
The blink frog hits you but does no damage.
The wolf bites you. The basilisk bites you.
A bog body comes into view.
You closely miss the wolf.
The wolf is severely wounded.
You barely miss the basilisk. You barely miss the blink frog.
The ice encasing you melts away. The wolf barely misses you.
You block the blink frog's attack.
You barely miss the wolf.
The wolf is severely wounded.
You closely miss the basilisk. You miss the blink frog.
You block the wolf's attack. You block the basilisk's attack.
The blink frog blinks!
A yak comes into view.
The blink frog hits you but does no damage.
You slash the wolf!
You kill the wolf!
Okawaru accepts your kill.
You barely miss the basilisk. You hit the blink frog.
The sentinel's mark upon you fades away.
You block the basilisk's attack. You block the blink frog's attack.
You closely miss the basilisk.
The basilisk is heavily wounded.
You slash the blink frog! You barely miss the blink frog.
The blink frog hits you but does no damage.
The basilisk bites you but does no damage.
The blink frog closely misses you.
You slash the basilisk!
The basilisk is almost dead.
You hit the blink frog but do no damage.
You hit the bog body. You slash the blink frog!
The blink frog blinks!
You block the blink frog's attack.
The blink frog blinks!
The basilisk gazes at you. You resist with some effort.
The bog body points at you and mumbles some strange words.
The bolt of cold hits you!
You die...

...!.....######.#..#
#......#..######..#
#.....##......##.##
#.....#P......##.##
+.....##......##..#
##......#.....%....#
#.....F#..^...%##..#
#.¤....##......#...#
...#F@...##......#..##
>...h.l¤n..####.....#..
......Y.....P##...#.#..
....#..¤..............##
... #.................#
.. #................ .
##.......... ...F.......


You could see a bog body, a yak, a basilisk, 3 blink frogs and a black bear.

Vanquished Creatures
  A black mamba (Lair:1)
  A cane toad (Lair:2)
  2 rime drakes
  An unseen horror (D:8)
  A polar bear (Lair:2)
  Grinder (D:6)
  Sigmund (D:7)
  A basilisk (Lair:2)
  3 nagas (Lair:2)
  Duvessa (D:5)
  7 water moccasins
  2 ice beasts
  An orc warrior (D:7)
  4 black bears
  A sky beast (D:7)
  5 ogres
  4 wolves (Lair:2)
  4 centaurs
  An elf zombie (D:7)
  2 phantoms (D:4)
  2 kobold brigands
  10 bullfrogs
  A gnoll sergeant (D:7)
  7 scorpions
  An elf skeleton (D:7)
  A necrophage (D:6)
  3 wights (D:8)
  Dowan (D:5)
  3 killer bees
  An electric eel (D:8)
  2 jellies
  6 hounds
  4 orc priests
  A gnoll bouda (D:8)
  Natasha (thrice) (D:2)
  Terence (D:3)
  A human skeleton (D:7)
  3 iguanas
  6 orc wizards
  Robin (D:3)
  16 gnolls
  6 adders
  A white imp (D:7)
  An ufetubus (D:6)
  2 worms
  3 dart slugs
  26 orcs
  5 ball pythons
  4 bats
  5 endoplasms
  3 giant cockroaches (D:2)
  18 goblins
  13 hobgoblins
  6 jackals (D:1)
  15 kobolds
  5 quokkas
  2 frilled lizards
  3 orc skeletons (D:7)
  5 rats
241 creatures vanquished.

Vanquished Creatures (others)
  39 fungi
  47 plants
  5 withered plants (D:4)
91 creatures vanquished.

Grand Total: 332 creatures vanquished

Notes
Turn   | Place    | Note
-------+----------+-------------------------------------------
     0 | D:1      | qw the Gargoyle Fighter began the quest for the Orb.
     0 | D:1      | Reached XP level 1. HP: 14/14 MP: 1/1
     0 | D:1      | 0 ||| qw: Version: 0.2-a-12-gaebbb33
     0 | D:1      | 0 ||| qw: Game counter: 1481
     0 | D:1      | 0 ||| qw: Always use a shield: true
     0 | D:1      | 0 ||| qw: God list: Okawaru
     0 | D:1      | 0 ||| qw: Allow faded altars: false
     0 | D:1      | 0 ||| qw: Do Orc after D:15 true
     0 | D:1      | 0 ||| qw: Do second Lair branch before Depths: true
     0 | D:1      | 0 ||| qw: Lair rune preference: random
     0 | D:1      | 0 ||| qw: Plans: Normal, Zot:1-4, God:TSO, Crypt, Tomb,
                  | Pan, Slime:5, Hells, Abyss, Orb
     0 | D:1      | 0 ||| PLANNING D:1-11
    62 | D:1      | Reached skill level 2 in Axes
   117 | D:1      | Found a faded altar of an unknown god.
   159 | D:1      | Reached XP level 2. HP: 10/19 MP: 2/2
   486 | D:1      | 486 ||| Stepping ~*~*~tactically~*~*~ (hiding).
   838 | D:1      | Reached skill level 3 in Axes
   840 | D:1      | 840 ||| Stepping ~*~*~tactically~*~*~ (stealth).
   842 | D:1      | 842 ||| Stepping ~*~*~tactically~*~*~ (stealth).
   846 | D:1      | 846 ||| Stepping ~*~*~tactically~*~*~ (stealth).
   853 | D:1      | Reached XP level 3. HP: 23/23 MP: 3/3
   892 | D:1      | 892 ||| Stepping ~*~*~tactically~*~*~ (stealth).
   898 | D:1      | 898 ||| Stepping ~*~*~tactically~*~*~ (stealth).
   899 | D:1      | 899 ||| Stepping ~*~*~tactically~*~*~ (stealth).
   900 | D:1      | 900 ||| Stepping ~*~*~tactically~*~*~ (stealth).
   901 | D:1      | 901 ||| Stepping ~*~*~tactically~*~*~ (stealth).
  1085 | D:1      | 1085 ||| UPGRADING to +0 chain mail.
  1095 | D:1      | 1095 ||| DROPPING +0 scale mail.
  1096 | D:1      | 1096 ||| UPGRADING to +0 cloak.
  1101 | D:1      | 1101 ||| READING scroll labelled ORHYIDGH RAWUA.
  1102 | D:1      | 1102 ||| READING scroll labelled COIZXU JOPLY.
  1103 | D:1      | 1103 ||| READING scroll labelled DIMITR GOS LOO.
  1104 | D:1      | 1104 ||| DRINKING 2 bubbling sapphire potions.
  1105 | D:1      | 1105 ||| DRINKING 2 murky white potions.
  1106 | D:1      | 1106 ||| DROPPING potion of flight.
  1107 | D:1      | 1107 ||| DROPPING potion of invisibility.
  1209 | D:2      | Noticed Natasha
  1210 | D:2      | 1210 ||| Stepping ~*~*~tactically~*~*~ (hiding).
  1221 | D:2      | Killed Natasha
  1222 | D:2      | Reached XP level 4. HP: 23/28 MP: 4/4
  1226 | D:2      | 1226 ||| Stepping ~*~*~tactically~*~*~ (stealth).
  1332 | D:2      | 1332 ||| Stepping ~*~*~tactically~*~*~ (hiding).
  1443 | D:2      | Noticed Natasha
  1448 | D:2      | Killed Natasha
  1449 | D:2      | Reached skill level 4 in Axes
  1744 | D:2      | Reached XP level 5. HP: 28/32 MP: 5/5
  1940 | D:2      | Noticed Natasha
  1951 | D:2      | Killed Natasha
  2194 | D:2      | Reached skill level 5 in Axes
  2399 | D:2      | 2399 ||| UPGRADING to +4 ring of protection.
  2400 | D:2      | 2400 ||| READING scroll labelled AMEMAHEACE.
  2401 | D:2      | 2401 ||| READING scroll labelled BICLOAHEESCH.
  2402 | D:2      | 2402 ||| DRINKING 2 viscous red potions.
  2453 | D:3      | 2453 ||| Stepping ~*~*~tactically~*~*~ (stealth).
  2461 | D:3      | 2461 ||| Stepping ~*~*~tactically~*~*~ (stealth).
  2588 | D:3      | 2588 ||| Stepping ~*~*~tactically~*~*~ (stealth).
  2793 | D:3      | Found a sacrificial altar of Ru.
  2911 | D:3      | Noticed Robin
  2919 | D:3      | Killed Robin
  2959 | D:3      | Noticed Terence
  2969 | D:3      | Killed Terence
  2970 | D:3      | Reached XP level 6. HP: 18/38 MP: 6/6
  3171 | D:3      | 3171 ||| UPGRADING to +0 helmet.
  3176 | D:3      | 3176 ||| READING scroll labelled UQUECL PUSONOJUY.
  3177 | D:3      | 3177 ||| DRINKING 2 coppery potions.
  3178 | D:3      | 3178 ||| DROPPING potion of brilliance.
  3194 | D:4      | Found the Hermit's Pendant {Faith Invo=14 Evo=0 MP+5}
  3380 | D:4      | 3380 ||| Stepping ~*~*~tactically~*~*~ (stealth).
  3405 | D:4      | HP: 5/38 [orc priest/divine providence (10)]
  3406 | D:4      | 3406 ||| DRINKING 2 potions of heal wounds.
  3417 | D:4      | HP: 8/38 [phantom (4)]
  3418 | D:4      | 3418 ||| DRINKING potion of heal wounds.
  3424 | D:4      | Reached skill level 6 in Axes
  3458 | D:4      | 3458 ||| FLEEEEING.
  3459 | D:4      | 3459 ||| FLEEEEING.
  3460 | D:4      | 3460 ||| FLEEEEING.
  3550 | D:4      | 3550 ||| Stepping ~*~*~tactically~*~*~ (stealth).
  3571 | D:4      | 3571 ||| DROPPING +0 mace.
  3648 | D:4      | 3648 ||| Stepping ~*~*~tactically~*~*~ (stealth).
  3682 | D:4      | Reached skill level 1 in Dodging
  3682 | D:4      | Reached XP level 7. HP: 36/43 MP: 7/7
  3682 | D:4      | 3682 ||| FLEEEEING.
  3683 | D:4      | 3683 ||| FLEEEEING.
  3685 | D:4      | 3685 ||| FLEEEEING.
  3686 | D:4      | 3686 ||| FLEEEEING.
  3687 | D:4      | 3687 ||| STAIRDANCE
  3731 | D:3      | 3731 ||| READING scroll labelled GEOSUT UNUCS.
  3732 | D:3      | 3732 ||| READING scroll labelled FUIMAI LOCULU.
  3733 | D:3      | 3733 ||| READING 2 scrolls of identify.
  3733 | D:3      | 3733 ||| IDENTIFYING sedimented grey potion
  3734 | D:3      | 3734 ||| DROPPING potion of degeneration.
  3737 | D:4      | 3737 ||| STAIRDANCE
  3780 | D:4      | 3780 ||| STAIRDANCE
  3835 | D:4      | 3835 ||| STAIRDANCE
  4244 | D:4      | Found an ancient bone altar of Kikubaaqudgha.
  4322 | D:4      | Found an opulent altar of Gozag.
  4385 | D:4      | Found a staircase to the Ecumenical Temple.
  4386 | D:4      | 4386 ||| PLANNING TEMPLE
  4386 | D:4      | 4386 ||| READING scroll labelled GYGYGI QAEPA.
  4396 | Temple   | Entered the Ecumenical Temple
  4431 | Temple   | 4431 ||| PLANNING OKAWARU WORSHIP
  4495 | Temple   | Became a worshipper of Warmaster Okawaru
  4496 | Temple   | 4496 ||| PLANNING D:1-11
  4550 | D:5      | Entered Level 5 of the Dungeon
  4557 | D:5      | Found a blossoming altar of Fedhas.
  4917 | D:5      | Noticed Dowan
  4928 | D:5      | Killed Dowan
  4929 | D:5      | Reached skill level 7 in Axes
  5057 | D:5      | 5057 ||| Stepping ~*~*~tactically~*~*~ (stealth).
  5067 | D:5      | HP: 9/43 [ogre/+0 giant club (23)]
  5068 | D:5      | 5068 ||| DRINKING 2 potions of heal wounds.
  5072 | D:5      | 5072 ||| DRINKING potion of heal wounds.
  5082 | D:5      | 5082 ||| FLEEEEING.
  5083 | D:5      | 5083 ||| FLEEEEING.
  5194 | D:5      | Reached skill level 1 in Throwing
  5194 | D:5      | Reached XP level 8. HP: 40/49 MP: 8/8
  5365 | D:5      | Noticed Duvessa
  5384 | D:5      | Killed Duvessa
  5607 | D:5      | Found an ornate altar of the Wu Jian Council.
  5608 | D:5      | Found a stormy altar of Qazlal.
  6094 | D:5      | Reached * piety under Okawaru
  6095 | D:5      | Reached skill level 8 in Axes
  6278 | D:5      | 6278 ||| UPGRADING to +6 ring of strength.
  6279 | D:5      | 6279 ||| READING scroll labelled CAXTIE GICOOS.
  6280 | D:5      | 6280 ||| READING scroll labelled WEOTEB GYVUST.
  6285 | D:5      | 6285 ||| DRINKING 2 brown potions.
  6285 | D:5      | Gained mutation: Your muscles are strong. (Str +4, Int/Dex
                  | -1) [potion of mutation]
  6285 | D:5      | Gained mutation: You are clumsy. (Dex -2) [potion of
                  | mutation]
  6285 | D:5      | Gained mutation: You possess an exceptional clarity of
                  | mind. [potion of mutation]
  6286 | D:5      | 6286 ||| DRINKING 3 ruby potions.
  6287 | D:5      | 6287 ||| READING 2 scrolls of identify.
  6287 | D:5      | 6287 ||| IDENTIFYING metallic silvery potion
  6349 | D:6      | Found a burning altar of Makhleb.
  6366 | D:6      | 6366 ||| READING scroll of enchant armour.
  6366 | D:6      | 6366 ||| ENCHANTING +0 helmet.
  6405 | D:6      | 6405 ||| INVOKING Heroism.
  6406 | D:6      | 6406 ||| INVOKING Heroism.
  6408 | D:6      | Reached skill level 1 in Invocations
  6561 | D:6      | Noticed Grinder
  6562 | D:6      | 6562 ||| INVOKING Heroism.
  6573 | D:6      | 6573 ||| Stepping ~*~*~tactically~*~*~ (hiding).
  6577 | D:6      | 6577 ||| INVOKING Heroism.
  6578 | D:6      | Killed Grinder
  6579 | D:6      | Reached skill level 3 in Invocations
  6700 | D:6      | Reached XP level 9. HP: 55/55 MP: 11/11
  6752 | D:6      | 6752 ||| Stepping ~*~*~tactically~*~*~ (hiding).
  6754 | D:6      | 6754 ||| INVOKING Heroism.
  6759 | D:6      | Reached skill level 6 in Fighting
  7001 | D:6      | 7001 ||| Stepping ~*~*~tactically~*~*~ (stealth).
  7005 | D:6      | 7005 ||| INVOKING Heroism.
  7238 | D:6      | 7238 ||| DROPPING +2 scale mail of poison resistance.
  7256 | D:7      | 7256 ||| PLANNING OSSUARY
  7296 | D:7      | Noticed Sigmund
  7297 | D:7      | 7297 ||| INVOKING Heroism.
  7310 | D:7      | Killed Sigmund
  7310 | D:7      | Reached ** piety under Okawaru
  7311 | D:7      | Reached skill level 9 in Axes
  7405 | D:7      | 7405 ||| INVOKING Heroism.
  7426 | D:7      | 7426 ||| INVOKING Heroism.
  7430 | D:7      | HP: 14/56 [acid (2)]
  7431 | D:7      | 7431 ||| DRINKING potion of heal wounds.
  7639 | D:7      | 7639 ||| Stepping ~*~*~tactically~*~*~ (hiding).
  7667 | D:7      | 7667 ||| Stepping ~*~*~tactically~*~*~ (stealth).
  7791 | D:7      | 7791 ||| INVOKING Heroism.
  7828 | D:7      | 7828 ||| FLEEEEING.
  7829 | D:7      | 7829 ||| FLEEEEING.
  7830 | D:7      | 7830 ||| FLEEEEING.
  7831 | D:7      | 7831 ||| FLEEEEING.
  7841 | D:7      | 7841 ||| FLEEEEING.
  7842 | D:7      | 7842 ||| FLEEEEING.
  7843 | D:7      | 7843 ||| FLEEEEING.
  7844 | D:7      | 7844 ||| FLEEEEING.
  7854 | D:7      | 7854 ||| FLEEEEING.
  7855 | D:7      | 7855 ||| FLEEEEING.
  7856 | D:7      | 7856 ||| FLEEEEING.
  7857 | D:7      | 7857 ||| FLEEEEING.
  7858 | D:7      | 7858 ||| FLEEEEING.
  7859 | D:7      | 7859 ||| FLEEEEING.
  7860 | D:7      | 7860 ||| FLEEEEING.
  7861 | D:7      | 7861 ||| FLEEEEING.
  7862 | D:7      | 7862 ||| INVOKING Heroism.
  7944 | D:7      | 7944 ||| RIP OSSUARY
  7947 | D:7      | 7947 ||| PLANNING D:1-11
  7956 | D:7      | 7956 ||| Stepping ~*~*~tactically~*~*~ (hiding).
  7960 | D:7      | 7960 ||| Stepping ~*~*~tactically~*~*~ (stealth).
  7962 | D:7      | 7962 ||| STAIRDANCE
  7966 | D:6      | 7966 ||| READING 2 scrolls of identify.
  7966 | D:6      | 7966 ||| IDENTIFYING blue potion
  7967 | D:6      | 7967 ||| DROPPING potion of berserk rage.
  7970 | D:7      | 7970 ||| INVOKING Heroism.
  8385 | D:7      | Reached XP level 10. HP: 63/63 MP: 13/13
  8397 | D:7      | Found a radiant altar of Vehumet.
  8510 | D:7      | Found a broken altar of Ashenzari.
  8543 | D:7      | 8543 ||| DROPPING +1 ring mail of fire resistance.
  8544 | D:7      | 8544 ||| UPGRADING to +0 plate armour.
  8554 | D:7      | 8554 ||| DROPPING +0 chain mail.
  8593 | D:8      | 8593 ||| STAIRDANCE
  8613 | D:8      | 8613 ||| STAIRDANCE
  8645 | D:8      | 8645 ||| INVOKING Heroism.
  8650 | D:8      | Reached *** piety under Okawaru
  8651 | D:8      | Reached skill level 6 in Armour
  8653 | D:8      | Reached skill level 10 in Axes
  8660 | D:8      | 8660 ||| INVOKING Heroism.
  8687 | D:8      | 8687 ||| FLEEEEING.
  8694 | D:8      | Killed an unseen horror
  8783 | D:8      | 8783 ||| INVOKING Heroism.
  8794 | D:8      | Found a staircase to the Lair.
  8865 | D:8      | 8865 ||| READING scroll of enchant armour.
  8865 | D:8      | 8865 ||| ENCHANTING +1 helmet.
  8974 | D:8      | 8974 ||| INVOKING Heroism.
  9131 | D:8      | 9131 ||| INVOKING Heroism.
  9233 | D:8      | 9233 ||| Stepping ~*~*~tactically~*~*~ (stealth).
  9259 | D:8      | 9259 ||| Stepping ~*~*~tactically~*~*~ (hiding).
  9260 | D:8      | 9260 ||| Stepping ~*~*~tactically~*~*~ (hiding).
  9261 | D:8      | 9261 ||| Stepping ~*~*~tactically~*~*~ (hiding).
  9304 | D:8      | 9304 ||| Stepping ~*~*~tactically~*~*~ (stealth).
  9354 | D:8      | 9354 ||| Stepping ~*~*~tactically~*~*~ (stealth).
  9356 | D:8      | 9356 ||| INVOKING Heroism.
  9548 | D:8      | 9548 ||| Stepping ~*~*~tactically~*~*~ (hiding).
  9575 | D:8      | 9575 ||| Stepping ~*~*~tactically~*~*~ (stealth).
  9722 | D:8      | 9722 ||| PLANNING LAIR
  9722 | D:8      | 9722 ||| UPGRADING to +0 kite shield.
  9732 | D:8      | 9732 ||| DROPPING +0 buckler.
  9733 | D:8      | 9733 ||| READING scroll labelled EMIETO FEL FIA.
  9734 | D:8      | 9734 ||| READING scroll labelled VYINLIMM ULOMM.
  9755 | Lair:1   | Entered Level 1 of the Lair of Beasts
  9760 | Lair:1   | Noticed a black mamba
  9761 | Lair:1   | 9761 ||| INVOKING Heroism.
  9780 | Lair:1   | Killed a black mamba
  9781 | Lair:1   | Reached skill level 6 in Shields
  9821 | Lair:1   | 9821 ||| INVOKING Heroism.
  9829 | Lair:1   | Reached **** piety under Okawaru
 10010 | Lair:1   | You fall into a shaft and drop 1 floor!
 10021 | Lair:2   | 10021 ||| Stepping ~*~*~tactically~*~*~ (hiding).
 10195 | Lair:2   | Reached XP level 11. HP: 69/69 MP: 14/14
 10207 | Lair:2   | 10207 ||| INVOKING Heroism.
 10208 | Lair:2   | Found a staircase to the Snake Pit.
 10222 | Lair:2   | Reached skill level 6 in Invocations
 10230 | Lair:2   | HP: 13/69 [wolf (7)]
 10233 | Lair:2   | 10233 ||| INVOKING Heroism.
 10237 | Lair:2   | HP: 9/69 [wolf (5)]
 10237 | Lair:2   | Noticed a bog body
 10242 | Lair:2   | Killed from afar by a bog body

Levels and vault maps discovered:
D:1:      co_arrival_random_square_maze, layout_basic,
          dilly_ecumenical_altar_fadedgnrine, minmay_misc_feat_hallway
D:2:      layout_basic, kennysheep_minor_cross, uniq_natasha
D:3:      layout_loops_cross, lemuel_tele_altar, uniq_terence, uniq_robin
D:4:      layout_loops_ring, lemuel_round_altar, kiku_gazebo_garden_becter,
          minmay_temple_entry_poolview
D:5:      layout_basic, mainiacjoe_overflow_brackets, nicolae_overflow_squiral,
          serial_corexii_hall, corexii_hall_statues_l,
          chequers_hall_statues_corner_a, uniq_duvessa
D:6:      layout_basic, makhleb_heckhound_becter, ebering_dispersal_statue_hall,
          uniq_grinder
D:7:      layout_basic, mainiacjoe_overflow_alcove_4,
          mainiacjoe_overflow_boulevard, serial_aquarium, aquarium_bridge_square
          [aquarium_subvault_bridge, aquarium_subvault_wall,
          aquarium_subvault_wall, aquarium_subvault_wall], aquarium_window_fake,
          aquarium_window_1, aquarium_window_corner, aquarium_window_corner,
          aquarium_view_2b, aquarium_balcony_1b,
          nicolae_ossuary_entry_catacombs, sigmund_army
D:8:      layout_basic, due_lair_maze_entry_diamond
Temple:   jpeg_temple_clearing
Lair:1:   layout_regular_city, serial_bayou_shore_a
Lair:2:   layout_regular_city, skrybe_swamp_entry_bodies,
          minmay_snake_entry_guardpost_small, grunt_megastairs_1

Skill      XL: |  1  2  3  4  5  6  7  8  9 10 11 |
---------------+----------------------------------+-----
Axes           | 2 3 4 5 6 7 8 9 10 | 10.1
Fighting       | 4 5 7 8 |  8.4
Dodging        | 1 |  1.6
Throwing       | 1 |  1.8
Invocations    | 3 4 5 6 |  6.6
Armour         | 4 5 7 |  7.0
Shields        | 4 7 8 |  8.3

Action                   |  1- 3 |  4- 6 |  7- 9 | 10-12 || total
-------------------------+-------+-------+-------+-------++-------
Melee: War axe           |    72 |   231 |   275 |   231 ||   809
Throw: Boomerang         |       |       |    57 |    24 ||    81
Invok: Heroism           |       |       |    11 |    10 ||    21
  Use: Scroll            |     3 |     3 |     9 |     3 ||    18
       Potion            |     2 |     4 |     5 |       ||    11
Armor: Scale mail        |    30 |       |       |       ||    30
       Chain mail        |     5 |   121 |   143 |    12 ||   281
       Plate armour      |       |       |       |   135 ||   135
Dodge: Dodged            |    29 |    83 |   104 |    84 ||   300
Block: Buckler           |    17 |    45 |    42 |    38 ||   142
       Kite shield       |       |       |       |    48 ||    48

Table legend:
 A = Non-vault XP
 B = Vault XP
 C = Vault XP percentage of total XP
 D = Non-vault monster count
 E = Vault monster count
 F = Vault count percentage of total count
                 A         B        C        D         E       F
            +---------+---------+-------+---------+---------+-------
      Total |    8835 |    2735 |  23.6 |     199 |      42 |  17.4
            +---------+---------+-------+---------+---------+-------
        D:1 |      50 |       0 |   0.0 |      24 |       0 |   0.0
        D:2 |     141 |      36 |  20.3 |      29 |       1 |   3.3
        D:3 |     170 |      70 |  29.2 |      15 |      12 |  44.4
        D:4 |     328 |       0 |   0.0 |      15 |       0 |   0.0
        D:5 |     797 |     211 |  20.9 |      18 |       2 |  10.0
        D:6 |     869 |     320 |  26.9 |      19 |       2 |   9.5
        D:7 |    1502 |     458 |  23.4 |      27 |      12 |  30.8
        D:8 |    1429 |    1055 |  42.5 |      33 |       9 |  21.4
     Lair:1 |    1076 |       0 |   0.0 |       4 |       0 |   0.0
     Lair:2 |    2473 |     585 |  19.1 |      15 |       4 |  21.1
            +---------+---------+-------+---------+---------+-------
